 Dungeon Crawl Stone Soup version 0.29-a0-892-g2c4c91d9db (webtiles) character file.

Game seed: 9764386760917975077

175 reriks the Trooper (level 5, -3/43 HPs)
             Began as a Barachi Fighter on July 23, 2022.
             Killed by divine providence
             ... invoked by an orc priest
              (12 damage)
             ... on level 4 of the Dungeon.
             The game lasted 00:02:49 (3152 turns).

reriks the Trooper (Barachi Fighter)                Turns: 3152, Time: 00:02:50

Health: -3/43      AC:  9    Str: 26    XL:     5   Next: 55%
Magic:  5/5        EV:  9    Int:  8    God:
Gold:   124        SH:  0    Dex: 11    Spells: 4/4 levels left

rFire   . . .      SeeInvis .   a - +1 war axe
rCold   . . .      Faith    .   c - +0 buckler
rNeg    . . .      Spirit   .   b - +0 scale mail
rPois   .          Reflect  .   (no helmet)
rElec   .          Harm     .   (no cloak)
rCorr   .          Rampage  .   j - +1 pair of gloves
Will    .....                   (no boots)
Stlth   ..........              (no amulet)
HPRegen 0.14/turn               e - +6 ring of strength
MPRegen 0.09/turn               (no ring)

@: confused, mighty, slow
A: amphibious, slowness 1, strong legs 1, +LOS
a: Hop


You were on level 4 of the Dungeon.
You visited 1 branch of the dungeon, and saw 4 of its levels.

You collected 124 gold pieces.

Inventory:

Hand Weapons
 a - a +1 war axe (weapon)
Armour
 b - a +0 scale mail (worn)
 c - a +0 buckler (worn)
 j - a +1 pair of gloves (worn)
Jewellery
 e - a +6 ring of strength (left hand)
Wands
 l - a wand of digging (3)
Scrolls
 h - a scroll of immolation
 i - a scroll of identify
Potions
 f - a potion of attraction
 g - a potion of curing
 q - a potion of degeneration


   Skills:
 + Level 4.8 Fighting
 + Level 3.5 Axes
 + Level 4.8 Armour
 + Level 4.3 Shields


You had 4 spell levels left.
You didn't know any spells.
Your spell library contained the following spells:

 Spells                   Type           Power      Damage    Failure   Level
 Apportation              Tloc           0%         N/A       77%         1
 Magic Dart               Conj           0%         1d3       77%         1
 Call Imp                 Summ           0%         N/A       88%         2
 Gell's Gravitas          Tloc           0%         N/A       98%         3
 Lesser Beckoning         Tloc           0%         N/A       98%         3
 Mephitic Cloud           Conj/Pois/Air  0%         N/A       98%         3
 Teleport Other           Tloc           0%         N/A       98%         3
 Alistair's Intoxication  Tmut/Pois      0%         N/A       100%        5


Dungeon Overview and Level Annotations

Branches:
Dungeon (4/15)
 Temple: D:4-7

Altars:

Shops:
D:2 :


Innate Abilities, Weirdness & Mutations

You are amphibious.
You cover ground slowly.
You can hop short distances.
You have an extended range of vision and can be seen from far away.


Message History

The orc wizard barely misses you.
You closely miss the orc wizard.
The orc wizard is moderately wounded.
The orc wizard hits you but does no damage.
You barely miss the orc wizard.
The orc wizard is moderately wounded.
The orc wizard closely misses you.
The orc wizard hits you with a +0 dagger.
You feel very mighty all of a sudden.
The orc wizard mumbles some strange words.
The orc wizard flickers and vanishes!
Deactivating autopickup; reactivate with Ctrl-A.
You closely miss something.
You hear some strange, mumbled words.
You are confused.
You completely miss something.
You hear some strange, mumbled words.
You are more confused.
You bump into the rock wall.
You hear some strange, mumbled words.
Something tries to affect you, but you resist.
You completely miss something. Something hits you.
Something hits you but does no damage.
You bump into the rock wall.
You hear some strange, mumbled words.
A puff of flame appears from out of thin air!
The puff of flame hits you!
* * * LOW HITPOINT WARNING * * *
You bump into the rock wall.
Something hits you but does no damage.
The orc priest invokes the aid of Beogh against you.
Something writhes in agony!
You bump into the rock wall.
Something hits you but does no damage.
You bump into the rock wall.
Something hits you but does no damage.
You're too confused to move!
Something hits you.
* * * LOW HITPOINT WARNING * * *
You bump into the rock wall.
Something hits you.
* * * LOW HITPOINT WARNING * * *
The orc priest invokes the aid of Beogh against you.
Beogh smites you!
You die...

*,,,,* *,**,*********###
*,**,,,,,,,,,,...
********,************#..
*,,,,,,,,* #..
*,******** #.. *,* #..
*,######### #..
*,#.)o.@..# #######..
*,#.#####.# #........
*,#.# #.# ##.#####..
*,#.# ##.## #.........
*,#o# ##...#####.#####..
*,#.# #....†.....# #...
*,#{# ##...#####.# #...
*,.o# ##.## #.# #...
**#.# ### #.# #.##


You could see an orc priest.

Vanquished Creatures
  Terence (D:2)
  An orc wizard (D:4)
  7 adders
  3 orcs
  4 ball pythons (D:1)
  An endoplasm (D:1)
  5 giant cockroaches
  4 goblins
  7 hobgoblins
  3 jackals (D:1)
  5 quokkas
  3 bats
  4 frilled lizards
  6 kobolds
  6 rats
60 creatures vanquished.

Vanquished Creatures (others)
  3 fungi (D:1)
  2 plants (D:1)
5 creatures vanquished.

Grand Total: 65 creatures vanquished

Notes
Turn   | Place    | Note
-------+----------+-------------------------------------------
     0 | D:1      | reriks the Barachi Fighter began the quest for the Orb.
     0 | D:1      | Reached XP level 1. HP: 18/18 MP: 1/1
   206 | D:1      | Reached XP level 2. HP: 25/25 MP: 2/2
   317 | D:1      | Found a faded altar of an unknown god.
   636 | D:1      | Reached XP level 3. HP: 22/30 MP: 3/3
  1257 | D:2      | Noticed Terence
  1270 | D:2      | Killed Terence
  1271 | D:2      | Reached XP level 4. HP: 22/38 MP: 4/4
  2017 | D:2      | Found Beppar's Book Emporium.
  2501 | D:3      | Reached XP level 5. HP: 36/43 MP: 5/5
  3152 | D:4      | Killed from afar by an orc priest

Illustrated notes

Levels and vault maps discovered:
D:1:      lightli_iron_boxes, layout_loops_ring,
          shapermc_ecumenical_altar_mp_ritualfount
D:2:      layout_basic, serial_shops, nicolae_shop_stone, uniq_terence
D:3:      layout_rooms, grunt_decor_cap
D:4:      layout_loops_ring, uniq_natasha

Skill      XL: |  1  2  3  4 |
---------------+-------------+-----
Fighting       | 4 |  4.8
Armour         | 4 |  4.8
Axes           | 3 |  3.5
Shields        | 4 |  4.3

Action                   |  1- 3 |  4- 6 || total
-------------------------+-------+-------++-------
Melee: War axe           |    88 |   102 ||   190
  Use: Scroll            |     1 |     9 ||    10
       Potion            |       |     2 ||     2
Armor: Scale mail        |    39 |    55 ||    94
Dodge: Dodged            |    44 |    44 ||    88
Block: Buckler           |    30 |    23 ||    53

Table legend: (Time is in decaauts)
 A = Elapsed time spent in this place.
 B = Non-inter-level travel time spent in this place.
 C = Inter-level travel time spent in this place.
 D = Time resting spent in this place.
 E = Time spent auto-exploring this place.
 F = Levels seen in this place.
 G = Mean time per level.
                   A        B        C        D        E       F      G
               +--------+--------+--------+--------+--------+-----+--------+
         Total |   3622 |   3456 |    166 |    500 |   2472 |   4 |  905.5 |
       Dungeon |   3622 |   3456 |    166 |    500 |   2472 |   4 |  905.5 |
               +--------+--------+--------+--------+--------+-----+--------+

Top non-repeatable levels by time:
     D:2: 1478 daAuts
     D:1: 1197 daAuts
     D:3: 725 daAuts
     D:4: 220 daAuts
